 Dungeon Crawl Stone Soup version 0.29.0-4-gdea44cf6ec (webtiles) character file.

Game seed: 17284988600492626553

173 Destructed3 the Shield-Bearer (level 5, -2/42 HPs)
             Began as a Human Fighter on Aug 27, 2022.
             Was a Follower of Fedhas.
             Slain by a wight
             ... wielding a +2 mace
              (6 damage)
             ... on level 4 of the Dungeon.
             The game lasted 00:06:26 (3235 turns).

Destructed3 the Shield-Bearer (Human Fighter)       Turns: 3235, Time: 00:06:26

Health: -2/42      AC:  8    Str: 18    XL:     5   Next: 83%
Magic:  0/5        EV:  9    Int:  8    God:    Fedhas [*.....]
Gold:   57         SH:  5    Dex: 13    Spells: 4/4 levels left

rFire   x . .      SeeInvis .   a - +0 war axe
rCold   + . .      Faith    .   c - +0 buckler
rNeg    . . .      Spirit   +   b - +1 scale mail
rPois   .          Reflect  .   (no helmet)
rElec   .          Harm     .   i - scarf {repulsion}
rCorr   .          Rampage  .   (no gloves)
Will    .....                   (no boots)
Stlth   ..........              l - amulet of guardian spirit
HPRegen 0.14/turn               o - ring of ice
MPRegen 0.09/turn               (no ring)

@: repel missiles
A: no striking features
a: Renounce Religion


You were on level 4 of the Dungeon.
You worshipped Fedhas.
Fedhas was aware of your devotion.
You visited 1 branch of the dungeon, and saw 4 of its levels.

You collected 57 gold pieces.

Inventory:

Hand Weapons
 a - a +0 war axe (weapon)
 m - a +2 short sword of protection
Missiles
 n - 4 boomerangs (quivered)
Armour
 b - a +1 scale mail (worn)
 c - a +0 buckler (worn)
 i - a scarf of repulsion (worn)
Jewellery
 l - an amulet of guardian spirit (around neck)
 o - a ring of ice (left hand)
Potions
 d - a potion of might
 e - a potion of berserk rage {unknown}
 f - 2 potions of brilliance {unknown}
 g - 2 potions of ambrosia
 h - a potion of haste {unknown}
 j - 2 potions of curing {unknown}


   Skills:
 * Level 3.9 Fighting
 * Level 3.2 Axes
 * Level 3.9 Armour
 * Level 3.9 Shields


You had 4 spell levels left.
You didn't know any spells.
Your spell library was empty.

Dungeon Overview and Level Annotations

Branches:
Dungeon (4/15)
 Temple: D:4-7

Altars:
Fedhas

Shops:
D:1 [


Message History

The wight is moderately damaged.
You hit the wight.
The wight hits you with a +0 long sword.
You feel drained.
You closely miss the wight.
The wight is moderately damaged.
You hit the wight. The wight barely misses you. You block the wight's attack.
You slash the wight!
The wight is severely damaged.
You barely miss the wight.
The wight hits you with a +0 great sword.
The wight hits you with a +0 long sword.
The wight barely misses you.
You barely miss the wight.
The wight is severely damaged.
You barely miss the wight. The wight misses you. The wight barely misses you.
You slash the wight!
You destroy the wight!
Fedhas accepts your kill.
You hit the wight. You hit the hobgoblin.
The wight hits you with a +0 great sword!
The hobgoblin hits you but does no damage.
You block the wight's attack. The hobgoblin barely misses you.
You block the wight's attack.
Your life force feels restored.
You hit the wight but do no damage.
The wight is heavily damaged.
You barely miss the hobgoblin. You slash the wight!
The hobgoblin hits you but does no damage.
The wight barely misses you. The wight hits you with a +2 mace!
You hit the wight but do no damage.
The wight is almost destroyed.
You hit the wight but do no damage. You hit the hobgoblin.
You kill the hobgoblin!
Fedhas appreciates your contribution to the ecosystem.
The wight hits you with a +0 great sword!
* * * LOW HITPOINT WARNING * * *
The wight hits you with a +2 mace.
You die...
Fedhas appreciates your contribution to the ecosystem.

##### ##....#
#......##
#.......##
.........########
..........zz....###
..........z@......#
#.........##.......
###......## ##..##.
######## ##


You could see 3 wights.

Vanquished Creatures
  A wight (D:4)
  3 adders
  A worm (D:2)
  4 dart slugs
  4 bats
  2 endoplasms (D:2)
  3 giant cockroaches (D:1)
  10 goblins
  7 hobgoblins
  4 jackals (D:2)
  4 quokkas
  7 ball pythons
  6 frilled lizards
  14 kobolds
  10 rats
80 creatures vanquished.

Vanquished Creatures (others)
  7 plants (D:3)
7 creatures vanquished.

Grand Total: 87 creatures vanquished

Notes
Turn   | Place    | Note
-------+----------+-------------------------------------------
     0 | D:1      | Destructed3 the Human Fighter began the quest for the Orb.
     0 | D:1      | Reached XP level 1. HP: 18/18 MP: 1/1
   278 | D:1      | Reached XP level 2. HP: 22/24 MP: 2/2
   733 | D:1      | Reached XP level 3. HP: 29/29 MP: 3/3
  1328 | D:1      | Found Igidel Wanlo's Armour Emporium.
  1522 | D:2      | Reached XP level 4. HP: 12/35 MP: 4/4
  2654 | D:3      | Found a faded altar of an unknown god.
  2701 | D:3      | Prayed at the altar of an unknown god.
  2701 | D:3      | Became a worshipper of Fedhas Madash
  2701 | D:3      | Reached * piety under Fedhas
  2780 | D:3      | Reached XP level 5. HP: 41/41 MP: 3/5
  3235 | D:4      | Slain by a wight

Illustrated notes

Levels and vault maps discovered:
D:1:      erik_arrival_orb_chamber, layout_basic, serial_shops, shop_statue
D:2:      layout_basic, minmay_misc_feat_ornament
D:3:      layout_rooms, shapermc_ecumenical_altar_mp_ritualfount,
          lexackson_kobold_supper
D:4:      minmay_angry_zag, layout_cave_pods, zin_academy,
          mainiacjoe_overflow_big_doors,
          nicolae_gozag_cash_rules_everything_around_me, nicolae_specific_store,
          chequers_big_river

Skill      XL: |  1  2  3  4  5 |
---------------+----------------+-----
Axes           | 3 |  3.2
Fighting       | |  3.9
Armour         | |  3.9
Shields        | |  3.9

Action                   |  1- 3 |  4- 6 || total
-------------------------+-------+-------++-------
Melee: War axe           |   108 |   110 ||   218
  Use: Scroll            |     2 |     4 ||     6
Armor: Scale mail        |    75 |    48 ||   123
Dodge: Dodged            |    64 |    44 ||   108
Block: Buckler           |    36 |    31 ||    67
